Map: King Sejong Station LE

Players

wagawaga

  • Race: Terran Terran
  • League: Gold

Nickos - Winner!

  • Race: Terran Terran
  • League: Gold

VOD

Have the link to the VOD?

Description

Time

  • Played on: Oct. 1, 2016, 6:34 p.m.
  • Length: 17:08
Show
View Real Time Build Order
Export as new Build Order

wagawaga Terran 

Build Orders:  

Get SALT Encoding   

  12  0:01  SCV  
  13  0:13  SCV  
  14  0:22  Supply Depot  
  14  0:25  SCV  
  15  0:35  Refinery  
  15  0:44  SCV  
  15  0:46  Barracks  
  16  0:55  Supply Depot  
  16  0:57  SCV  
  17  1:09  SCV  
  18  1:27  SCV  
  19  1:36  Reaper  
  19  1:39  SCV  
  21  1:41  Refinery  
  21  1:51  SCV  
  22  1:59  Factory  
  23  2:08  SCV  
  23  2:14  Command Center  
  23  2:17  Marine  
  23  2:22  SCV  
  25  2:35  Marine  
  25  2:44  Factory Tech Lab  
  25  2:51  SCV  
  25  2:53  Marine  
  27  3:03  SCV  
  28  3:15  SCV  
  28  3:18  Barracks Tech Lab  
  28  3:20  Siege Tank  
  31  3:28  SCV  
  31  3:29  Orbital Command, Supply Depot  
  32  3:35  Starport  
  32  3:38  Marauder  
  32  3:41  Stimpack  
  34  3:49  Orbital Command  
  34  3:52  Supply Depot  
  34  4:02  Marine  
  36  4:03  Orbital Command  
  35  4:14  Medivac  
  35  4:16  Widow Mine  
  39  4:20  Marine  
  40  4:25  SCV  
  41  4:32  SCV  
  41  4:37  SCV  
  43  4:43  Marauder  
  43  4:44  Widow Mine, SCV  
  48  4:47  Medivac  
  50  5:01  Bunker  
  50  5:04  Refinery, SCV, Marauder  
  53  5:11  SCV  
  53  5:13  Siege Tank  
  57  5:16  SCV  
  58  5:23  SCV  
  59  5:32  SCV  
  50  5:38  Refinery  
  52  5:44  SCV, Marine  
  52  6:02  Marine  
  52  6:03  Barracks  
  52  6:04  Command Center  
  53  6:06  Starport Reactor  
  53  6:07  Siege Tank, Barracks  
  56  6:14  SCV  
  57  6:22  Marauder  
  59  6:26  SCV  
  59  6:27  SCV  
  59  6:29  Engineering Bay  
  59  6:32  Supply Depot  
  61  6:38  SCV  
  62  6:44  Liberator  
  62  6:47  Barracks  
  62  6:50  Bunker  
  62  6:53  Siege Tank  
  62  6:54  Marauder  
  67  6:55  Supply Depot  
  67  6:58  Liberator, Barracks Reactor  
  67  6:59  Barracks Reactor  
  67  7:07  Supply Depot x2  
  67  7:08  Terran Infantry Weapons Level 1  
  75  7:15  SCV x2  
  75  7:18  Command Center  
  75  7:20  Orbital Command  
  75  7:27  SCV  
  75  7:29  Supply Depot  
  76  7:30  Missile Turret  
  76  7:31  Supply Depot  
  76  7:36  Marine  
  76  7:37  Marine x3  
  77  7:38  Marauder  
  77  7:39  SCV  
  77  7:44  Siege Tank  
  86  7:51  Missile Turret  
  86  7:56  Marine x2  
  86  7:57  Marine x2  
  90  8:05  Marauder  
  92  8:06  Orbital Command  
  92  8:10  Medivac  
  92  8:12  SCV  
  95  8:14  Marine x2  
  95  8:15  Marine x2  
  99  8:26  Marauder  
  101  8:29  Missile Turret  
  101  8:43  Orbital Command  
  101  8:49  Missile Turret  
  101  8:54  Missile Turret  
  101  9:02  Terran Infantry Armor Level 1  
  101  9:12  Marauder, Marine x2  
  101  9:13  Marine x2  
  101  9:15  Missile Turret  
  98  9:34  Marauder  
  91  9:56  Marine  
  91  9:57  Marine x3  
  91  9:58  Marauder  
  97  10:02  Siege Tank  
  97  10:04  Medivac x2  
  104  10:14  Marine x2  
  104  10:15  Marine x2  
  104  10:20  Missile Turret, Marauder  
  110  10:22  Orbital Command  
  110  10:24  Armory  
  110  10:34  Siege Tank  
  113  10:42  Refinery  
  112  10:54  SCV  
  112  10:58  Refinery  
  112  10:59  Refinery  
  112  11:06  SCV  
  113  11:13  Marine x2  
  113  11:15  Marine x2  
  113  11:17  Command Center  
  113  11:18  Marauder  
  119  11:20  Siege Tank  
  119  11:24  Medivac  
  124  11:31  Marine  
  125  11:37  Supply Depot  
  125  11:41  Terran Vehicle Weapons Level 1  
  125  11:58  Medivac, Marine x4  
  125  11:59  Marauder  
  125  12:00  Supply Depot  
  133  12:02  Siege Tank  
  133  12:21  Marine x4  
  133  12:22  Marauder  
  139  12:23  Supply Depot  
  139  12:34  Orbital Command  
  139  12:39  Marine x4  
  139  12:41  Terran Infantry Weapons Level 2  
  139  12:43  Marauder  
  145  12:47  Supply Depot  
  139  12:57  Marine x2  
  137  13:04  Marauder  
  119  13:14  Marine x2  
  117  13:25  Marine x2  
  102  13:27  Siege Tank, Marauder  
  102  13:29  Medivac x2  
  102  13:32  Marine x2  
  93  13:43  Marine x2  
  97  13:48  Marauder  
  97  13:50  Marine x2  
  97  13:55  SCV  
  100  13:58  Refinery  
  100  14:00  Siege Tank  
  103  14:05  SCV  
  103  14:07  SCV  
  103  14:09  Marauder  
  107  14:11  Supply Depot  
  107  14:17  SCV  
  107  14:19  SCV  
  109  14:29  SCV  
  110  14:31  SCV  
  110  14:33  Supply Depot  
  111  14:41  SCV  
  111  14:43  SCV, Marine x2  
  111  14:45  Marine x2  
  117  14:54  SCV  
  117  14:55  Supply Depot  
  113  15:01  Marine x2  
  113  15:03  Marine x2  
  87  15:07  Liberator x2  
  72  15:16  Siege Tank  
  72  15:18  Supply Depot  
  72  15:19  Marauder, Marine x2  
  72  15:21  Marine x2  
  87  15:29  Starport  
  87  15:34  SCV  
  88  15:36  Marine  
  88  15:37  Marine  
  88  15:39  Marine x2  
  88  15:40  Marauder  
  94  15:48  Siege Tank  
  98  15:54  Marine x2  
  98  15:56  Marine  
  98  15:57  Marine  
  99  16:01  Marauder  
  78  16:07  Medivac x2  
  77  16:12  Marine x2  
  77  16:15  Orbital Command  
  79  16:23  Marauder  
  81  16:34  Marine x2  
  83  16:42  Starport Reactor  
  83  16:43  Marine x2  
  83  16:44  Marauder  
Show
View Real Time Build Order
Export as new Build Order

Nickos Terran - Winner!

Build Orders: Reaper Expand, MMM Bio 

Get SALT Encoding   

  12  0:01  SCV  
  13  0:13  SCV  
  14  0:17  Supply Depot  
  14  0:25  SCV  
  15  0:38  SCV  
  15  0:40  Barracks  
  16  0:44  Refinery  
  16  0:51  SCV  
  17  1:03  SCV  
  18  1:15  SCV  
  19  1:30  Reaper  
  19  1:31  Orbital Command  
  20  1:40  Command Center  
  20  1:51  Barracks  
  20  1:58  Supply Depot  
  20  2:01  SCV  
  21  2:11  Barracks Reactor  
  21  2:13  SCV  
  22  2:26  SCV  
  23  2:38  SCV  
  23  2:43  Barracks Tech Lab  
  23  2:51  Marine x2  
  25  2:58  Refinery  
  25  3:02  Marine  
  25  3:04  Stimpack  
  25  3:07  SCV  
  25  3:09  Marine x2  
  27  3:19  SCV  
  28  3:20  Marine  
  28  3:26  Marine, Factory  
  29  3:32  SCV  
  31  3:52  Marine x2  
  31  3:53  SCV  
  35  3:57  Orbital Command  
  34  4:05  Marine, SCV  
  36  4:10  Marine  
  36  4:15  Starport  
  37  4:17  Marine  
  37  4:20  Factory Reactor  
  37  4:23  Barracks, Marine  
  39  4:25  Barracks  
  39  4:26  SCV x2  
  39  4:28  Supply Depot  
  41  4:31  Marine  
  42  4:38  SCV  
  42  4:39  Marine, SCV  
  42  4:40  Supply Depot  
  45  4:53  SCV x2  
  45  4:59  Engineering Bay  
  47  5:01  Marine x3  
  47  5:05  SCV  
  51  5:08  Combat Shields, SCV  
  51  5:11  Medivac  
  54  5:16  Supply Depot  
  54  5:17  SCV  
  54  5:19  Marine  
  54  5:20  Supply Depot  
  56  5:25  Engineering Bay  
  56  5:32  SCV x2  
  58  5:37  Terran Infantry Weapons Level 1  
  58  5:41  Factory Tech Lab, Supply Depot  
  58  5:43  Barracks Reactor x2  
  58  5:44  SCV x2  
  60  5:54  Supply Depot  
  60  5:56  SCV x2  
  62  6:01  Marine x2  
  64  6:04  Supply Depot  
  64  6:08  SCV x2  
  66  6:11  Terran Infantry Armor Level 1  
  66  6:13  Marauder  
  66  6:14  Siege Tank  
  71  6:20  SCV  
  71  6:21  SCV  
  71  6:22  Liberator  
  73  6:26  Supply Depot, Marine  
  73  6:27  Marine  
  73  6:32  SCV  
  76  6:33  SCV  
  76  6:36  Marine x3  
  76  6:37  Marine x2  
  85  6:44  Marine  
  85  6:46  SCV x2  
  88  6:48  Concussive Shells  
  88  6:49  Marine  
  88  6:54  Marine  
  89  6:58  SCV  
  89  6:59  SCV  
  89  7:00  Armory  
  92  7:01  Supply Depot  
  92  7:04  Supply Depot, Marine  
  92  7:05  Marine  
  92  7:07  Marine  
  95  7:10  Marine x2  
  95  7:11  Marine  
  95  7:12  SCV x2  
  100  7:22  Marine x2  
  101  7:23  Marine  
  101  7:28  Supply Depot  
  101  7:29  Marine  
  104  7:34  Command Center  
  104  7:42  SCV  
  104  7:43  SCV  
  106  7:44  Marine x2  
  106  7:45  Marine x3  
  111  7:54  SCV  
  111  7:55  SCV  
  113  8:02  Marine x2  
  113  8:03  Siege Tank  
  113  8:04  Marine x3  
  121  8:06  Terran Infantry Weapons Level 2, SCV  
  121  8:07  SCV  
  123  8:25  Terran Infantry Armor Level 2  
  123  8:41  Marine x3  
  123  8:42  Marine x4  
  123  8:48  SCV x2  
  132  8:49  Orbital Command  
  132  8:50  Medivac  
  134  8:59  Marine  
  135  9:13  Marine x2  
  135  9:14  Marine x4  
  141  9:17  Marine  
  125  9:31  Marine x3  
  125  9:32  Marine x3  
  125  9:34  Marine  
  103  9:49  SCV x3, Marine x3  
  109  9:57  Marine x2  
  109  9:58  Marine x2  
  113  10:07  Marine  
  113  10:09  Factory  
  113  10:11  Refinery, Barracks x2, Factory  
  113  10:12  Refinery, Barracks  
  114  10:28  SCV  
  114  10:29  SCV x2  
  114  10:30  Terran Infantry Weapons Level 3  
  114  10:32  Marine x2  
  114  10:33  Marine x4  
  114  10:34  Marine  
  124  10:35  Supply Depot  
  124  10:37  Supply Depot  
  124  10:41  SCV  
  125  10:50  Marine x2  
  125  10:52  Command Center  
  125  10:55  Marine  
  125  10:56  Marine x4  
  131  11:01  Barracks Tech Lab  
  131  11:02  Barracks Tech Lab x2  
  131  11:06  Factory Tech Lab x2  
  131  11:08  Marine x2  
  133  11:11  Supply Depot  
  133  11:12  Terran Infantry Armor Level 3, Supply Depot  
  133  11:13  Marine x2  
  133  11:14  Marine  
  133  11:15  SCV  
  133  11:16  SCV  
  138  11:42  SCV  
  138  11:43  Marine x2, SCV x2  
  138  11:44  Marine x5  
  138  11:45  Marauder x2  
  138  11:46  Marauder  
  153  12:03  Marauder  
  153  12:14  Missile Turret  
  153  12:15  Marine x2  
  153  12:16  Marine x2  
  137  12:54  Marine x2  
  137  12:55  Marine x5  
  137  12:56  Marine x3  
  97  13:12  Marine x3  
  89  13:13  Marine x4  
  89  13:14  Marine x3  
  71  13:27  Medivac  
  71  13:28  Medivac  
  71  13:30  Marine x4  
  71  13:31  Marine x4  
  71  13:32  Marine x2  
  59  13:48  Marine x5  
  58  13:49  Marine x4  
  58  13:50  Marine  
  66  13:57  Medivac  
  66  13:59  Siege Tank x3  
  77  14:05  Marine  
  77  14:06  Marine x2  
  77  14:07  Marauder  
  77  14:08  Marauder  
  84  14:12  Marine x2  
  84  14:13  Marine  
  84  14:15  SCV  
  88  14:23  Marine x2  
  88  14:24  Marine  
  90  14:29  Marine x3  
  90  14:30  Marauder  
  96  14:43  Marine x3  
  96  14:44  Marine x2  
  101  14:47  Marine x2  
  101  14:48  Marauder x2  
  100  15:04  Marine x5  
  100  15:05  Marine x3  
  92  15:09  Marine x2  
  94  15:21  Marine  
  94  15:22  Marine x2  
  94  15:23  Marauder  
  94  15:24  SCV x2, Marauder  
  94  15:25  Liberator, SCV  
  104  15:31  Marauder  
  104  15:32  Marauder  
  108  15:38  SCV  
  108  15:39  Marine x3  
  115  15:44  Marauder  
  115  15:45  Marauder  
  115  15:46  Marine x2  
  115  15:47  Marine  
  119  16:11  Marine, SCV x2  
  119  16:12  Marine x5  
  119  16:13  Marine  
  119  16:14  Marauder  
  119  16:15  Marauder x2  
  119  16:17  Orbital Command  
Tags
 
Composition
MMM Bio
League
GoldGold
Matchup
TvT
Race
Terran
Replay Pack
Nickos replay
Add a new tag
Caveats
  • Supply blocks, unpowered buildings, or Contaminate may cause inaccurate times.
  • Supply counts are checked every 10 seconds.